Unix NetHack Version 5.0.0-0 post-release - last build May 17 2026 04:57:42 (dc50c8380fa5e20985bfe3072449f57b8d9895ef,branch:main).

Game began 2026-05-17 21:32:08, ended 2026-05-17 21:35:02.

Brudee, neutral female human Monk

    ---
     ..-
      ..--
      ...--     ---
      -...|     |.
     --...-     |.-
     |.....     |.|--
     |....-------.|.---
      -........G..*f..-----
      --<...--.G.@h..........G-
      |........---...------ ---
      |.............--
      --............|
      .............--
     -------.....---
           |....--
           |....|
           --..--
            ----
Brudee the Candidate            St:14 Dx:14 Co:13 In:10 Wi:14 Ch:9  Neutral S:178
Dlvl:3  $:10 HP:0(14) Pw:5(5) AC:2  Xp:1/17 T:403 

Latest messages:
 You finish your dressing maneuver.
 You see here a locked large box.
 You can't force anything when not wielding a weapon.
 What do you want to wield? [- st or ?*] ?
 t - a broad short sword (weapon in right hand).
 There is a locked large box here; force its lock? [ynq] (q) y
 You force your broad short sword into a crack and pry.
 You hear rumbling in the distance.
 You stop forcing the lock.
 You resume your attempt to force the lock.
 The gnome lord picks up a dwarvish cloak.
 Sparky picks up a blue gem.
 You stop forcing the lock.
 The gnome lord hits!
 In what direction? h
 You kick the gnome lord.
 The gnome lord reels from the blow.
 In what direction? h
 You kick the gnome lord.
 The gnome wields a thonged club!
 The gnome secures the tether on the thonged club.
 The gnome lord misses!
 In what direction? h
 You kick the gnome lord.
 The gnome lord reels from the blow.
 Sparky drops a blue gem.
 Sparky bites the dwarf.
 The dwarf swings his pick-axe at Sparky.
 The dwarf misses Sparky.
 In what direction? h
 You kick at empty space.
 Sparky misses the dwarf.
 Sparky misses the dwarf.
 You miss the gnome lord.
 Sparky bites the dwarf.
 The dwarf swings his pick-axe at Sparky.
 The dwarf misses Sparky.
 The gnome lord hits!
 Sparky misses the dwarf.
 In what direction? h
 You kick the gnome lord.
 The gnome lord reels from the blow.
 Sparky bites the dwarf.
 The dwarf swings his pick-axe at Sparky.
 The dwarf misses Sparky.
 The dwarf swings his pick-axe.
 The dwarf hits!
 You die...
 Do you want your possessions identified? [ynq] (y) y
 Do you want to see your attributes? [ynq] (y) q

Inventory:
 Coins    ('$')
  $ - 10 gold pieces
 Weapons  (')')
  s - a +0 dwarvish mattock
  t - a +0 dwarvish short sword (weapon in right hand)
 Armor    ('[')
  u - an uncursed +0 dwarvish iron helm (being worn)
  a - an uncursed +2 pair of leather gloves (being worn)
  b - a blessed +1 robe (being worn)
 Comestibles  ('%')
  g - 6 uncursed apples
  f - 6 uncursed food rations
  n - 3 cursed food rations
  i - 3 uncursed fortune cookies
  h - 6 uncursed oranges
  q - an uncursed lichen corpse
 Scrolls  ('?')
  c - a blessed scroll of identify
  l - an uncursed scroll of light
  m - an uncursed scroll of taming
 Spellbooks  ('+')
  j - a blessed spellbook of healing
 Potions  ('!')
  d - a blessed potion of healing
  e - 3 uncursed potions of healing
 Wands    ('/')
  k - a wand of undead turning (0:5)
 Tools    ('(')
  p - a cursed magic harp (0:4)
  r - an expensive camera (0:41)
 Gems/Stones  ('*')
  o - an uncursed worthless piece of orange glass

Brudee the Monk's attributes:

Background:
 You were a Candidate, a level 1 female human Monk.
 You were neutral, on a mission for Chih Sung-tzu
 who was opposed by Shan Lai Ching (lawful) and Huan Ti (chaotic).
 You were right-handed.
 You were in the Gnomish Mines, on level 3.
 You entered the dungeon 403 turns ago.
 There was a new moon in effect when your adventure ended.
 You had 17 experience points, 3 more were needed to attain level 2.
 Your score was 178 before end-of-game adjustments.

Basics:
 You had 0 out of 14 hit points.
 You had all 5 energy points (spell power).
 Your armor class was 2.
 Your wallet contained 10 zorkmids.
 Autopickup was on for '$!=+?/"' plus thrown.

Final Characteristics:
 Your strength was 14 (limit:18/100).
 Your dexterity was 14 (limit:18).
 Your constitution was 13 (limit:18).
 Your intelligence was 10 (limit:18).
 Your wisdom was 14 (limit:18).
 Your charisma was 9 (limit:18).

Final Status:
 You weren't hungry.
 You were unencumbered.
 You were wielding a short sword.
 You had no skill with short sword.

Final Attributes:
 You were fervently aligned.
 You were sleep resistant.
 You saw invisible.
 You were guarded.
 Your spell casting was enhanced by wearing a robe.
 You were fast.
 You are dead.

Miscellaneous:
 You didn't encounter any bones levels.
 Total elapsed playing time was 2 minutes and 52 seconds.

Major events:
 Turn
    1: Brudee the neutral female human Monk entered the dungeon
  326: entered the Gnomish Mines
  403: killed by a dwarf

Spells:
 Name                 Level Category     Fail Retention
 healing                1   healing        0%  91%-100%

Skills:
 Fighting Skills
   martial arts       [Basic]
 Weapon Skills
   quarterstaff       [Unskilled]
   spear              [Unskilled]
   crossbow           [Unskilled]
   shuriken           [Unskilled]
 Spellcasting Skills
   attack spells      [Unskilled]
   healing spells     [Basic]
   divination spells  [Unskilled]
   enchantment spells [Unskilled]
   clerical spells    [Unskilled]
   escape spells      [Unskilled]
   matter spells      [Unskilled]

Voluntary challenges:
 Character rerolling was not enabled.
 You went without food.
 You were an atheist.
 You never hit with a wielded weapon.
 You were illiterate.
 You never genocided any monsters.
 You never polymorphed an object.
 You never changed form.
 You used no wishes.
Achievement:
 You entered the Gnomish Mines.

 The Dungeons of Doom: levels 1 to 2
    Level 1:
    Level 2:
       Stairs down to The Gnomish Mines.
 The Gnomish Mines:
    Level 3: <- You were here.
       Final resting place for
          you, killed by a dwarf.


Vanquished creatures:
  a dwarf
  3 gnomes
  a fox
  2 lichens
  3 newts
10 creatures vanquished.

No species were genocided or became extinct.

Game over:
                       ----------
                      /          \
                     /    REST    \
                    /      IN      \
                   /     PEACE      \
                  /                  \
                  |      Brudee      |
                  |      10 Au       |
                  |   killed by a    |
                  |      dwarf       |
                  |                  |
                  |                  |
                  |       2026       |
                 *|     *  *  *      | *
        _________)/\\_//(\/(/\)/\//\/|_)_______

Goodbye Brudee the Monk...

You died in The Gnomish Mines on dungeon level 3 with 177 points,
and 10 pieces of gold, after 403 moves.
You were level 1 with a maximum of 14 hit points when you died.

